 Dungeon Crawl Stone Soup version 0.20-a0-606-gca13456 (webtiles) character file.

1418 AlphabetPasta the Chiller (level 8, -3/59 HPs)
             Began as a Centaur Ice Elementalist on Feb 7, 2017.
             Was a Believer of Sif Muna.
             Slain by a two-headed ogre
             ... wielding a +0 giant club
              (17 damage)
             ... on level 7 of the Dungeon on Feb 8, 2017.
             The game lasted 00:31:21 (8071 turns).

AlphabetPasta the Chiller (CeIE)                    Turns: 8071, Time: 00:31:22

Health: -3/59      AC: 12    Str: 11    XL:     8   Next: 43%
Magic:  7/13       EV: 10    Int: 16    God:    Sif Muna [**....]
Gold:   301        SH:  0    Dex: 10    Spells: 4/14 levels left

rFire    . . .     SeeInvis +   b - +0 shortbow
rCold    . . .     Gourm    .   u - +0 robe
rNeg     . . .     Faith    .   (shield currently unavailable)
rPois    +         Spirit   .   m - +0 helmet
rElec    .         Reflect  .   v - +0 cloak
rCorr    .         Harm     .   (no gloves)
MR       .....                  (no barding)
Stlth    +.........             (no amulet)
Regen    0.2/turn               A - ring of see invisible (curse)
                                z - ring of poison resistance

@: icy armour, quick
A: hooves 3, deformed body, speed 2, tough skin 3, sturdy frame 1
a: Divine Energy, Renounce Religion


You were on level 7 of the Dungeon.
You worshipped Sif Muna.
Sif Muna was pleased with you.
You were not hungry.

You visited 2 branches of the dungeon, and saw 8 of its levels.

You collected 337 gold pieces.
You spent 36 gold pieces at shops.

Inventory:

Hand Weapons
 a - a +5 quarterstaff of chaos
 b - a +0 shortbow (weapon)
 e - a +0 spear
Missiles
 i - 128 arrows (quivered)
Armour
 m - a +0 helmet (worn)
 u - a +0 robe (worn)
 v - a +0 cloak (worn)
Jewellery
 j - an uncursed ring of protection from magic
 z - a ring of poison resistance (left hand)
 A - a cursed ring of see invisible (right hand)
 E - a cursed amulet of inaccuracy {unknown}
Wands
 f - a wand of flame (17/48)
 l - a wand of digging (8/24)
 t - a wand of random effects (34/48)
 x - a wand of polymorph (13/24)
 y - a wand of random effects (18/48)
 C - a wand of polymorph (8/24)
Scrolls
 k - 3 scrolls of amnesia
 n - 4 scrolls of remove curse
 p - a scroll of teleportation
 s - 2 scrolls of magic mapping
Potions
 g - 2 potions of agility
 h - a potion of brilliance
 o - 3 potions of curing
 B - a potion of flight
 F - a potion of cure mutation {unknown}
Books
 D - a book of Frost

   Spells                             Type                      Level
   a - Freeze                         Ice                          1
   b - Throw Frost                    Conjuration/Ice              2
   c - Ozocubu's Armour               Charms/Ice                   3
   d - Throw Icicle                   Conjuration/Ice              4
   e - Summon Ice Beast               Ice/Summoning                4
Comestibles
 c - 3 bread rations
 d - 4 meat rations
 q - 9 chunks of flesh
 r - 11 fruits
 w - 3 royal jellies


   Skills:
 - Level 1.2 Fighting
 - Level 1.1 Staves
 + Level 2.1 Bows
 - Level 2.1 Dodging
 - Level 1.1 Stealth
 + Level 3.6 Spellcasting
 + Level 3.5 Conjurations
 * Level 6.7 Ice Magic
 + Level 4.1 Invocations


You had 4 spell levels left.
You knew the following spells:

 Your Spells              Type           Power        Failure   Level  Hunger
a - Freeze                Ice            ###.         1%          1    None
b - Throw Frost           Conj/Ice       ###...       3%          2    ##.....
c - Ozocubu's Armour      Chrm/Ice       ##......     14%         3    ###....
d - Throw Icicle          Conj/Ice       ###.....     21%         4    ####...


Dungeon Overview and Level Annotations

Branches:
Dungeon (7/15)             Temple (1/1) D:4

Altars:
Ashenzari
Cheibriados
Dithmenos
Elyvilon
Fedhas
Gozag
Hepliaklqana
Kikubaaqudgha
Makhleb
Nemelex Xobeh
Okawaru
Ru
Sif Muna
Trog
Vehumet
Xom
Yredelemnul
Zin
The Shining One

Shops:
D:6 *


Innate Abilities, Weirdness & Mutations

You have hooves in place of feet.
Armour fits poorly on your strangely shaped body.
You cover ground very quickly.
You have extremely tough skin. (AC +3)
Your movements are slightly less encumbered by armour. (ER -2)


Message History

The two-headed ogre hits you with a giant spiked club!
Casting: Freeze
Confirm with . or Enter, or press ? or * to list all spells.
Aiming: Freeze
Press: ? - help, Shift-Dir - straight line, f/p - two-headed ogre
Aim: a two-headed ogre, wielding a giant club and a giant spiked club (lightly wounded, slightly transparent)
You freeze the two-headed ogre.
The two-headed ogre is moderately wounded.
The two-headed ogre hits you with a giant club!
* * * LOW HITPOINT WARNING * * *
The two-headed ogre misses you.
Casting: Freeze
Confirm with . or Enter, or press ? or * to list all spells.
Aiming: Freeze
Press: ? - help, Shift-Dir - straight line, f/p - two-headed ogre
Aim: a two-headed ogre, wielding a giant club and a giant spiked club (moderately wounded, slightly transparent)
You freeze the two-headed ogre.
The two-headed ogre is heavily wounded.
The two-headed ogre hits you with a giant club!
You die...

###.....###.##.....#
#####_#####.##.....# #
###.....###..#..>..#.#
.............#.....#.#
.........'...........#
##########...#.....###.#
###..........#.........#
..#............#O..####
..#.....##...#.#@#.#
..#.....##...#.#.# #
..#.....##...#.#.#####
..#.....##...#.#.....###.#
..#.....##...#...........#
..#.....##...#.#####.#####
........###.##)#####.#
........# #..........#
........# ############


You could see a two-headed ogre (invisible).

Vanquished Creatures
  The ghost of edsrzf the Firebug, an amateur OpFE of Sif Muna (D:6)
  An orc warrior (D:7)
  An ice beast (D:7)
  A sky beast (D:5)
  A centaur (D:7)
  A water moccasin zombie (D:7)
  A scorpion (D:6)
  A crimson imp (D:6)
  3 hounds
  2 orc priests
  A gnoll shaman (D:6)
  Crazy Yiuf (D:4)
  Jessica (D:3)
  Natasha (thrice) (D:4)
  3 orc wizards
  4 worker ants
  3 gnolls (D:6)
  7 adders
  2 shadow imps (D:6)
  An adder zombie (D:6)
  An adder skeleton (D:6)
  4 dart slugs (D:1)
  5 leopard geckos
  25 orcs
  6 bats
  2 giant cockroaches
  6 goblins
  11 hobgoblins
  14 jackals
  A quokka (D:4)
  3 ball pythons
  5 frilled lizards
  2 jackal skeletons
  A jackal zombie (D:5)
  12 kobolds
  A leopard gecko skeleton (D:4)
  A quokka skeleton (D:3)
  A quokka zombie (D:7)
  15 rats
  A spectral orc (D:2)
  2 bushes (D:1)
158 creatures vanquished.

Notes
Turn   | Place    | Note
-------+----------+-------------------------------------------
     0 | D:1      | AlphabetPasta the Centaur Ice Elementalist began the quest for the Orb.
     0 | D:1      | Reached XP level 1. HP: 14/14 MP: 3/3
    82 | D:1      | Reached skill level 3 in Ice Magic
   147 | D:1      | Reached XP level 2. HP: 20/20 MP: 2/4
   154 | D:1      | Learned a level 2 spell: Throw Frost
   860 | D:1      | Reached XP level 3. HP: 26/26 MP: 3/6
   884 | D:1      | Learned a level 3 spell: Ozocubu's Armour
  1613 | D:2      | Learned a level 3 spell: Ozocubu's Armour
  1614 | D:2      | Gained mutation: Your movements are slightly less encumbered by armour. (ER -2) [potion of beneficial mutation]
  1894 | D:2      | Found an iron altar of Okawaru.
  1938 | D:2      | Found a basalt altar of Yredelemnul.
  2312 | D:3      | Noticed Jessica
  2457 | D:3      | Killed Jessica
  2457 | D:3      | Reached skill level 4 in Ice Magic
  2457 | D:3      | Reached XP level 4. HP: 31/33 MP: 1/7
  2841 | D:3      | Reached XP level 5. HP: 38/38 MP: 0/8
  2931 | D:3      | Reached skill level 1 in Conjurations
  3104 | D:3      | Upgraded the game from 0.20-a0-601-g29d1f57 to 0.20-a0-606-gca13456
  3282 | D:4      | Found a staircase to the Ecumenical Temple.
  3292 | Temple   | Entered the Ecumenical Temple
  3461 | Temple   | Became a worshipper of Sif Muna the Loreminder
  3692 | D:4      | Noticed Natasha
  3698 | D:4      | Killed Natasha
  3754 | D:4      | Found a runed door.
  3758 | D:4      | Noticed Crazy Yiuf
  3766 | D:4      | Killed Crazy Yiuf
  3766 | D:4      | Reached skill level 5 in Ice Magic
  3766 | D:4      | Reached skill level 1 in Invocations
  4094 | D:4      | Reached XP level 6. HP: 38/45 MP: 7/10
  4175 | D:4      | Noticed Natasha
  4181 | D:4      | Killed Natasha
  4529 | D:4      | Noticed Natasha
  4535 | D:4      | Killed Natasha
  4544 | D:4      | Learned a level 4 spell: Throw Icicle
  4750 | D:5      | Entered Level 5 of the Dungeon
  5223 | D:5      | Found a white marble altar of Elyvilon.
  5477 | D:5      | Noticed a sky beast
  5483 | D:5      | Killed a sky beast
  5483 | D:5      | Reached skill level 1 in Staves
  5732 | D:5      | Reached skill level 1 in Fighting
  5942 | D:5      | Reached XP level 7. HP: 47/52 MP: 6/11
  6004 | D:6      | Noticed edsrzf's ghost (amateur OpFE)
  6013 | D:6      | Killed edsrzf's ghost
  6013 | D:6      | Reached * piety under Sif Muna
  6371 | D:6      | Reached skill level 6 in Ice Magic
  6394 | D:6      | Found Yhau's General Store.
  6403 | D:6      | Bought a potion of flight for 36 gold pieces
  6986 | D:7      | Reached XP level 8. HP: 57/59 MP: 6/13
  7089 | D:7      | Found a shattered altar of Ashenzari.
  7430 | D:7      | Reached skill level 1 in Bows
  7432 | D:7      | Reached ** piety under Sif Muna
  8064 | D:7      | Noticed a two-headed ogre
  8071 | D:7      | Slain by a two-headed ogre

Vault maps used:
D:1:      minmay_arrival_up_and_down, serial_forest,
          infiniplex_forest_clump_cross, infiniplex_forest_lined_2,
          infiniplex_forest_end_double, infiniplex_forest_straight_3,
          infiniplex_forest_straight_3, lexackson_kobold_supper
D:2:      okawaru_ov_weapons_minmay, yredelemnul_forgotten_temple_becter
D:3:      first_bread, uniq_jessica
D:4:      temple_green, uniq_natasha, uniq_crazy_yiuf_cottage
D:5:      overflow_temple_1_default
D:6:      serial_shops, shop, serial_bayou_crossing
D:7:      lemuel_coloured_pillars_altar, cheibrodos_ashenzari_chains
Temple:   regret_index_temple_generic_petals

Skill      XL: |  1  2  3  4  5  6  7  8 |
---------------+-------------------------+-----
Ice Magic      | 3 4 5 6 |  6.7
Spellcasting   | 2 3 |  3.6
Conjurations   | 1 2 3 |  3.5
Invocations    | 1 2 3 4 |  4.1
Staves         | 1 |  1.1
Fighting       | 1 |  1.2
Dodging        | 2 |  2.1
Bows           | 2 |  2.1
Stealth        | |  1.1

Action                   |  1- 3 |  4- 6 |  7- 9 || total
-------------------------+-------+-------+-------++-------
Melee: Unarmed           |     6 |       |       ||     6
       Kick              |   116 |     6 |     3 ||   125
       Spear             |   369 |    48 |       ||   417
       Quarterstaff      |       |    23 |    40 ||    63
 Fire: Shortbow          |       |       |    11 ||    11
 Cast: Freeze            |    63 |   102 |    85 ||   250
       Ozocubu's Armour  |     1 |       |     1 ||     2
       Throw Frost       |       |       |     6 ||     6
       Throw Icicle      |       |       |     3 ||     3
Evoke: Wand              |       |       |     7 ||     7
  Use: Scroll            |     3 |    11 |     3 ||    17
       Potion            |     1 |       |     2 ||     3
 Stab: Sleeping          |       |     1 |       ||     1
  Eat: Chunk             |     4 |     9 |     5 ||    18
       Royal jelly       |     1 |       |     1 ||     2
Armor: Robe              |    48 |    51 |    48 ||   147
Dodge: Dodged            |    56 |    59 |    44 ||   159
